 Dungeon Crawl Stone Soup version 0.31-a0-986-g5e6e4ef867 (webtiles) character file.

Game seed: 8433115328075897659

42 Dittersdorf the Shield-Bearer (level 3, -10/29 HPs)
             Began as a Human Fighter on Nov 7, 2023.
             Killed by nerve-wracking pain
             ... invoked by an orc priest
              (12 damage)
             ... on level 3 of the Dungeon.
             The game lasted 00:01:41 (1952 turns).

Dittersdorf the Shield-Bearer (Human Fighter)       Turns: 1952, Time: 00:01:41

Health: -10/29     AC:  8    Str: 18    XL:     3   Next: 77%
Magic:  3/3        EV:  9    Int:  8    God:
Gold:   103        SH:  4    Dex: 12    Spells: 2/2 levels left

rFire   . . .        a - +0 long sword
rCold   + . .        c - +0 buckler
rNeg    . . .        b - +0 scale mail
rPois   +            (no helmet)
rElec   .            (no cloak)
rCorr   .            (no gloves)
SInv    .            j - +0 pair of boots
Will    .....        (no amulet) Stlth
                     h - ring of protection from cold
HPRegen 0.24/turn    k - ring of poison resistance
MPRegen 0.08/turn

%: no passive effects
@: no status effects
A: no striking features
a: no special abilities


You were on level 3 of the Dungeon.
You visited 1 branch of the dungeon, and saw 3 of its levels.

You collected 103 gold pieces.

Inventory:

Hand Weapons
 a - a +0 long sword (weapon)
Armour
 b - a +0 scale mail (worn)
 c - a +0 buckler (worn)
 j - a +0 pair of boots (worn)
 n - a +0 ring mail of poison resistance
 q - a +0 plate armour
Jewellery
 h - a ring of protection from cold (left hand)
 k - a ring of poison resistance (right hand)
Scrolls
 e - 3 scrolls of vulnerability {unknown}
 f - a scroll of blinking {unknown}
 i - a scroll of revelation {unknown}
 l - 3 scrolls of identify {unknown}
 o - a scroll of fear {unknown}
Potions
 d - a potion of might
 g - a potion of curing {unknown}
 m - 2 potions of brilliance {unknown}
 p - a potion of cancellation {unknown}
 r - a potion of mutation {unknown}


   Skills:
 + Level 3.3 Fighting
 + Level 2.5 Long Blades
 + Level 3.3 Armour
 + Level 3.4 Shields


You had 2 spell levels left.
You didn't know any spells.
Your spell library contained the following spells:

 Spells                   Type           Power      Damage    Failure   Level
 Hailstorm                Conj/Ice       0%         3d3       99%         3
 Summon Ice Beast         Ice/Summ       0%         N/A       100%        4
 Simulacrum               Ice/Necr       0%         N/A       100%        6


Dungeon Overview and Level Annotations

Branches:
Dungeon (3/15)

Altars:


Message History

The orc priest hits you but does no damage.
You hit the orc priest.
The orc priest is moderately wounded.
The orc priest hits you but does no damage.
You hit the orc priest.
The orc priest is heavily wounded.
The orc priest barely misses you.
You hit the orc priest but do no damage.
The orc priest is heavily wounded.
The orc priest invokes the aid of Beogh against you.
Beogh smites you!
The orc priest invokes the aid of Beogh against you.
Beogh smites you!
* * * LOW HITPOINT WARNING * * *
You are too injured to fight recklessly!
You are too injured to fight recklessly!
You are too injured to fight recklessly!
You are too injured to fight recklessly!
You are too injured to fight recklessly!
You are too injured to fight recklessly!
You are too injured to fight recklessly!
You are too injured to fight recklessly!
You are too injured to fight recklessly!
You are too injured to fight recklessly!
You are too injured to fight recklessly!
You are too injured to fight recklessly!
You are too injured to fight recklessly!
You are too injured to fight recklessly!
You hit the orc priest.
The orc priest is severely wounded.
The orc priest hits you but does no damage.
You hit the orc priest but do no damage.
The orc priest is severely wounded.
The orc priest hits you but does no damage.
You hit the orc priest.
The orc priest is severely wounded.
You block the orc priest's attack.
The orc priest calls down the wrath of Beogh upon you.
Pain shoots through your body!
You die...

#...........+.#
#...........#.#
#..<..........#
##+##.........#
#.##.........#
#.########.#.#
#......# #.#.#
#......###.#.#
#^.........#@#
#.###'######o#
#.# #.# ...
#.###.# #....
#.....# #.....
####### #......
#.......
#.......#


You could see an orc priest.

Vanquished Creatures
  An adder (D:2)
  2 orcs (D:3)
  6 bats
  2 endoplasms (D:1)
  3 goblins
  4 hobgoblins (D:1)
  2 ball pythons
  2 frilled lizards
  6 kobolds
  4 rats
32 creatures vanquished.

Notes
Turn   | Place    | Note
-------+----------+-------------------------------------------
     0 | D:1      | Dittersdorf the Human Fighter began the quest for the Orb.
     0 | D:1      | Reached XP level 1. HP: 18/18 MP: 1/1
   118 | D:1      | Reached XP level 2. HP: 19/24 MP: 2/2
   815 | D:2      | Reached XP level 3. HP: 25/29 MP: 3/3
  1949 | D:3      | HP: 1/29 [orc priest/divine providence (13)]
  1952 | D:3      | Killed from afar by an orc priest

Illustrated notes

Levels and vault maps discovered:
D:1:      lemuel_arrival_muddy, layout_loops_ring
D:2:      layout_basic
D:3:      layout_basic, uniq_terence

Action                     || total
---------------------------++-------
  Melee: Long sword        ||   124
 Armour: Scale mail        ||    91
  Dodge: Dodged            ||    51
  Block: Buckler           ||    29

Table legend: (Time is in decaauts)
 A = Elapsed time spent in this place.
 B = Non-inter-level travel time spent in this place.
 C = Inter-level travel time spent in this place.
 D = Time resting spent in this place.
 E = Time spent auto-exploring this place.
 F = Levels seen in this place.
 G = Mean time per level.
                   A        B        C        D        E       F      G
               +--------+--------+--------+--------+--------+-----+--------+
         Total |   1990 |   1888 |    102 |     66 |   1514 |   3 |  663.3 |
       Dungeon |   1990 |   1888 |    102 |     66 |   1514 |   3 |  663.3 |
               +--------+--------+--------+--------+--------+-----+--------+

Top non-repeatable levels by time:
     D:2: 1073 daAuts
     D:1: 816 daAuts
     D:3: 100 daAuts
